 Dungeon Crawl Stone Soup version 0.26.1-11-gd32895ea62 (webtiles) character file.

Game seed: 3829021312238236692

168 Zeld the Cudgeller (level 5, 0/41 HPs)
             Began as a Human Fighter on June 3, 2021.
             Succumbed to a water moccasin's poison
             ... on level 2 of the Dungeon.
             The game lasted 00:01:36 (1872 turns).

Zeld the Cudgeller (Human Fighter)                  Turns: 1872, Time: 00:01:37

Health: 0/41       AC:  7    Str: 17    XL:     5   Next: 77%
Magic:  5/5        EV:  7    Int:  8    God:
Gold:   82         SH:  9    Dex: 13    Spells: 4/4 levels left

rFire    . . .     SeeInvis .   a - +0 flail
rCold    . . .     Faith    .   c - +0 kite shield
rNeg     . . .     Spirit   .   b - +0 scale mail
rPois    .         Reflect  .   (no helmet)
rElec    .         Harm     .   (no cloak)
rCorr    .         Rampage  .   (no gloves)
Will     .....                  j - +0 pair of boots
Stlth    ..........             (no amulet)
HPRegen  0.13/turn              (no ring)
MPRegen  0.09/turn              (no ring)

@: lethally poisoned (0 -> -3)
A: no striking features
a: no special abilities


You were on level 2 of the Dungeon.
You visited 1 branch of the dungeon, and saw 2 of its levels.

You collected 82 gold pieces.

Inventory:

Hand Weapons
 a - a +0 flail (weapon)
Missiles
 i - 6 javelins (quivered)
 n - a throwing net
Armour
 b - a +0 scale mail (worn)
 c - a +0 kite shield (worn)
 j - a +0 pair of boots (worn)
Jewellery
 k - a +6 ring of intelligence {unknown}
Scrolls
 f - 2 scrolls of identify {unknown}
 g - 3 scrolls of teleportation {unknown}
 m - 2 scrolls of remove curse {unknown}
 o - a scroll of enchant armour {unknown}
 q - a scroll of fear {unknown}
Potions
 d - a potion of might
 e - a potion of curing {unknown}
 h - a potion of lignification {unknown}
 l - a potion of cancellation {unknown}
 p - a potion of degeneration {unknown}


   Skills:
 - Level 3.0 Fighting
 * Level 5.5 Maces & Flails
 - Level 3.0 Armour
 - Level 3.0 Shields


You had 4 spell levels left.
You didn't know any spells.
Your spell library was empty.

Dungeon Overview and Level Annotations

Branches:
Dungeon (2/15)

Altars:
Trog
The Shining One


Message History

The water moccasin bites you.
* * * LOW HITPOINT WARNING * * *
You barely miss the water moccasin.
The water moccasin is heavily wounded.
You feel sick. The water moccasin bites you.
* * * LOW HITPOINT WARNING * * *
The water moccasin barely misses you.
Unknown command.
Okay, then.
* * * LOW HITPOINT WARNING * * *
You feel sick. The water moccasin bites you.
* * * LOW HITPOINT WARNING * * *
* * * LOW HITPOINT WARNING * * *
You feel sick.
Welcome back, Zeld the Human Fighter.
Press ? for a list of commands and other information.
Are you sure you want to abandon this character and quit the game? (Confirm with "yes".)
Okay, then.
The water moccasin barely misses you.
You die...

##### ....###
...$... ........#
### .../..... ##.##
.........
##.#.#####.........
#.###.............#
##@#S#####.......
##.## ..##### #
#.## .... ... #..#
...## #.# ##.# ...#
#.# #.# .... ..#
##.## ..### #.#
#.###...####.. #.#
#............. #.#


There were no monsters in sight!

Vanquished Creatures
  2 orc priests (D:2)
  An orc wizard (D:2)
  2 adders (D:2)
  4 dart slugs
  2 orcs (D:2)
  4 bats
  4 giant cockroaches
  5 goblins
  8 hobgoblins
  8 jackals (D:1)
  4 kobolds
  A ball python (D:2)
  2 frilled lizards (D:1)
  5 rats
52 creatures vanquished.

Notes
Turn   | Place    | Note
-------+----------+-------------------------------------------
     0 | D:1      | Zeld the Human Fighter began the quest for the Orb.
     0 | D:1      | Reached XP level 1. HP: 18/18 MP: 1/1
   285 | D:1      | You fall into a shaft and drop 1 floor!
   290 | D:2      | Reached XP level 2. HP: 22/24 MP: 2/2
   346 | D:1      | Reached skill level 3 in Maces & Flails
   460 | D:1      | Reached XP level 3. HP: 27/29 MP: 3/3
  1178 | D:2      | Reached skill level 4 in Maces & Flails
  1178 | D:2      | Reached XP level 4. HP: 34/35 MP: 4/4
  1439 | D:2      | Found a glowing golden altar of the Shining One.
  1522 | D:2      | Found a bloodstained altar of Trog.
  1656 | D:2      | Reached XP level 5. HP: 23/41 MP: 5/5
  1659 | D:2      | Reached skill level 5 in Maces & Flails
  1855 | D:2      | Noticed a water moccasin
  1867 | D:2      | HP: 1/41 [water moccasin (3)]
  1872 | D:2      | Succumbed to a water moccasin's poison

Illustrated notes

Levels and vault maps discovered:
D:1:      lightli_molten_gateway, layout_basic, minmay_pentomino_s4
D:2:      layout_loops_ring, grunt_temple_overflow_open, lemuel_doored_altar,
          kennysheep_generic_room_9

Skill      XL: |  1  2  3  4  5 |
---------------+----------------+-----
Maces & Flails | 3 4 5 |  5.5
Fighting       | |  3.0
Armour         | |  3.0
Shields        | |  3.0

Action                   |  1- 3 |  4- 6 || total
-------------------------+-------+-------++-------
Melee: Flail             |    98 |    58 ||   156
Armor: Scale mail        |    51 |    27 ||    78
Dodge: Dodged            |    27 |    26 ||    53
Block: Kite shield       |    58 |    31 ||    89
